 Dungeon Crawl Stone Soup version 0.32-a0-312-g1d7162e751 (webtiles) character file.

Game seed: 3865372854377850298

4594 MacCMillion the Thaumaturge (level 10, -10/76 HPs)
             Began as a Djinni Alchemist on Feb 15, 2024.
             Was a Believer of Makhleb.
             Mangled by a two-headed ogre
             ... wielding a +0 giant club
              (13 damage)
             ... on level 9 of the Dungeon.
             The game lasted 00:16:21 (8910 turns).

MacCMillion the Thaumaturge (Djinni Alchemist)      Turns: 8910, Time: 00:16:22

Health: -10/76     AC:  3    Str:  7    XL:     10   Next: 68%
Gold:   543        EV: 12    Int: 21    God:    Makhleb [**....] SH:  0 Dex: 14

rFire   + + .        G - staff of alchemy
rCold   . . .        (no shield)
rNeg    . . .        a - +0 robe
rPois   ∞            (no helmet)
rElec   .            (no cloak)
rCorr   .            e - +0 pair of gloves
SInv    +            (boots unavailable)
Will    +....        (no amulet)
Stlth   ++           j - ring of see invisible
HPRegen 0.32/turn    A - ring of protection from cold
MPRegen 0.00/turn

%: infuse magic (-11 HP)
@: flying
A: sickness immunity, fire resistance 2, cold vulnerability 1, float, innate
caster, HP casting, extra vitality 1
a: Renounce Religion, Minor Destruction


You were on level 9 of the Dungeon.
You worshipped Makhleb.
Makhleb was pleased with you.
You visited 2 branches of the dungeon, and saw 10 of its levels.

You collected 543 gold pieces.

Inventory:

Hand Weapons
 m - a +0 dagger
 s - the +8 dagger of Starshine {protect, rPois rF++}
   (You found it on level 4 of the Dungeon)

   rF++:      It greatly protects you from fire.
   rPois:     It protects you from poison
Missiles
 q - a throwing net
Armour
 a - a +0 robe (worn)
 e - a +0 pair of gloves (worn)
Magical Staves
 G - a staff of alchemy (weapon)
Jewellery
 j - a ring of see invisible (left hand)
 x - a ring of fire
 A - a ring of protection from cold (right hand)
 B - a +6 ring of dexterity
 C - a ring of resist corrosion
Wands
 v - a wand of quicksilver (12)
Scrolls
 b - 2 scrolls of fog {unknown}
 c - 2 scrolls of silence {unknown}
 f - a scroll of acquirement {unknown}
 k - a scroll of noise {unknown}
 l - 4 scrolls of identify {unknown}
 n - 2 scrolls of enchant armour {unknown}
 r - 5 scrolls of teleportation {unknown}
 u - a scroll of poison {unknown}
 y - a scroll of fear {unknown}
 z - 2 scrolls of immolation {unknown}
 D - a scroll of vulnerability {unknown}
 F - 2 scrolls of blinking {unknown}
Potions
 d - 3 potions of heal wounds {unknown}
 g - 4 potions of curing {unknown}
 h - a potion of haste {unknown}
 i - a potion of invisibility {unknown}
 o - 3 potions of enlightenment {unknown}
 p - 5 potions of degeneration {unknown}
 t - a potion of might {unknown}
 w - a potion of cancellation {unknown}
 E - a potion of mutation {unknown}
 H - 2 potions of berserk rage {unknown}
 I - a potion of ambrosia


   Skills:
 - Level 8.0 Fighting
 - Level 2.1 Dodging
 - Level 3.0 Stealth
 + Level 10.2 Spellcasting
 + Level 10.2 Conjurations
 + Level 10.2 Hexes
   Level 0.0 Charms
 + Level 10.2 Summonings
 + Level 10.2 Necromancy
 + Level 10.2 Translocations
   Level 0.0 Transmutations
 + Level 10.2 Fire Magic
 + Level 10.2 Ice Magic
 + Level 10.2 Air Magic
 + Level 10.2 Earth Magic
 + Level 10.2 Alchemy


You knew the following spells:

 Your Spells              Type           Power      Damage    Failure   Level
a - Sting                 Conj/Alch      100%       1d9       1%          1
b - Mercury Vapours       Alch/Air       100%       N/A       1%          2
c - Mephitic Cloud        Conj/Alch/Air  69%        N/A       1%          3
d - Olgreb's Toxic Radia  Alch           69%        N/A       1%          4
e - Sticky Flame          Fire/Alch      69%        2d11      1%          4
f - Shock                 Conj/Air       100%       1d9       1%          1
g - Ensorcelled Hibernat  Hex/Ice        100%       N/A       1%          2
h - Passwall              Erth           52%        N/A       1%          3
i - Volatile Blastmotes   Fire/Tloc      100%       2d18      1%          3
Your spell library was empty.

Dungeon Overview and Level Annotations

Branches:
Dungeon (9/15)             Temple (1/1) D:5
   Lair: D:8-11         Orc: D:9-12

Altars:
Ashenzari
Cheibriados
Dithmenos
Elyvilon
Fedhas
Gozag
Hepliaklqana
Makhleb
Nemelex Xobeh
Okawaru
Qazlal
Ru
Trog
Uskayaw
Wu Jian
Xom
Yredelemnul
Zin
The Shining One

Shops:
D:2 (

Annotations:
D:2 Robin
D:4 3 runed translucent doors, pedowka's ghost, weakling GrBe
D:6 2 transporters, brrff's ghost, novice MiMo


Innate Abilities, Weirdness & Mutations

You are immune to sickness and miasma.
You are immune to poison.
Your flesh is very heat resistant. (rF++)
You are vulnerable to cold. (rC-)
You float through the air rather than walking.
You learn spells naturally, not from books.
Your magical power is your life essence.
You have superior vitality. (+4 MHP)


Message History

The two-headed ogre is engulfed in noxious fumes.
The two-headed ogre is engulfed in noxious fumes.
The two-headed ogre is engulfed in noxious fumes.
The two-headed ogre appears confused.
Casting: Mephitic Cloud (safe; 1% risk of failure)
Confirm with . or Enter, or press ? or * to list all spells.
You feel a surge of power!
You begin to radiate toxic energy.
The two-headed ogre is poisoned.
The two-headed ogre looks even sicker.
The two-headed ogre mumbles something.
A two-headed ogre comes into view.
It is wielding a +0 giant club and a +0 dire flail.
The two-headed ogre is poisoned.
Casting: Olgreb's Toxic Radiance (dangerous; 1% risk of failure)
Confirm with . or Enter, or press ? or * to list all spells.
Aiming: Mephitic Cloud (safe; 1% risk of failure)
Press: ? - help, Shift-Dir - straight line
Okay, then.
The two-headed ogre looks even sicker. x2
Your toxic aura wanes.
The two-headed ogre laughs crazily.
The two-headed ogre seems less confused.
You see here a howler monkey corpse.
Casting: Mephitic Cloud (safe; 1% risk of failure)
Confirm with . or Enter, or press ? or * to list all spells.
Aiming: Mephitic Cloud (safe; 1% risk of failure)
Press: ? - help, Shift-Dir - straight line You feel a surge of power!
The ball explodes into a vile cloud!
The stinking cloud engulfs you.
The stinking cloud engulfs the two-headed ogre.
The two-headed ogre is moderately wounded.
You hear a bellow!
The two-headed ogre is engulfed in noxious fumes.
The two-headed ogre hits you with a +0 giant club!!
The two-headed ogre barely misses you.
The two-headed ogre is engulfed in noxious fumes.
The two-headed ogre attacks as it pursues you!
The two-headed ogre hits you with a +0 giant club!!
* * * LOW HITPOINT WARNING * * *
The two-headed ogre hits you with a +0 giant spiked club!
You die...

.# .### ..##
#. #..## #.
#...# ##..
#.<.###...#
#..##....#
#§§§....#
#@O§..###
##O§☼..#
####...○..#
......§○○..#
.##...○##.[.#
#....###..#
....... #....
^.......
.......
....###
....>...


You could see 2 two-headed ogres.

Vanquished Creatures
  Jeremiah (D:8)
  Grinder (D:6)
  A hornet (D:7)
  Prince Ribbit (D:8)
  A steam dragon (D:8)
  4 orc warriors
  A black bear (D:7)
  3 ogres
  A phantom (D:5)
  A centaur (D:8)
  2 bullfrogs
  5 scorpions
  9 wights (D:8)
  5 howler monkeys
  5 hounds
  4 jellies
  6 orc priests
  Jessica (D:2)
  2 gnoll boudas
  9 iguanas
  8 orc wizards
  2 sleepcaps
  23 gnolls
  14 adders
  A shadow imp (D:5)
  4 white imps
  4 dart slugs
  A ribbon worm (D:3)
  31 orcs
  6 endoplasms
  5 giant cockroaches
  13 goblins
  9 hobgoblins
  6 quokkas
  10 ball pythons
  7 bats
  5 frilled lizards
  10 kobolds
  5 rats
227 creatures vanquished.

Notes
Turn   | Place    | Note
-------+----------+-------------------------------------------
     0 | D:1      | MacCMillion the Djinni Alchemist began the quest for the
                  | Orb.
     0 | D:1      | MacCMillion set off with the following spells memorised:
                  | Sting, Mercury Vapours, Mephitic Cloud, Olgreb's Toxic
                  | Radiance, Sticky Flame.
     0 | D:1      | Reached XP level 1. HP: 15/15 MP: 0/0
    77 | D:1      | Reached XP level 2. HP: 20/21 MP: 0/0
   335 | D:1      | Reached XP level 3. HP: 24/25 MP: 0/0
   335 | D:1      | Learned a level 1 spell: Shock
   745 | D:1      | Reached XP level 4. HP: 28/31 MP: 0/0
  1002 | D:2      | Noticed Robin
  1280 | D:2      | Noticed Jessica
  1285 | D:2      | Killed Jessica
  1286 | D:2      | Reached XP level 5. HP: 30/35 MP: 0/0
  1286 | D:2      | Learned a level 2 spell: Ensorcelled Hibernation
  1560 | D:2      | Reached skill level 5 in Spellcasting
  1560 | D:2      | Reached skill level 5 in Conjurations
  1560 | D:2      | Reached skill level 5 in Hexes
  1560 | D:2      | Reached skill level 5 in Summonings
  1560 | D:2      | Reached skill level 5 in Necromancy
  1560 | D:2      | Reached skill level 5 in Translocations
  1560 | D:2      | Reached skill level 5 in Fire Magic
  1560 | D:2      | Reached skill level 5 in Ice Magic
  1560 | D:2      | Reached skill level 5 in Air Magic
  1560 | D:2      | Reached skill level 5 in Earth Magic
  1560 | D:2      | Reached skill level 5 in Alchemy
  1578 | D:2      | Found Seashruje's Antique Weapon Boutique.
  1907 | D:3      | Reached XP level 6. HP: 32/40 MP: 0/0
  2709 | D:3      | Identified the +3 spear of Destiny {freeze, Fly rF- Dex+2
                  | Stlth+}
  2827 | D:4      | Identified the +8 dagger of Starshine {protect, rPois rF++}
  2940 | D:4      | Reached XP level 7. HP: 38/45 MP: 0/0
  2940 | D:4      | Learned a level 3 spell: Passwall
  3124 | D:4      | Reached skill level 1 in Fighting
  3229 | D:4      | Found a runed translucent gate.
  3229 | D:4      | Found a runed translucent gate.
  3229 | D:4      | Found a runed translucent gate.
  3787 | D:4      | Noticed pedowka's ghost (weakling GrBe)
  3823 | D:5      | Entered Level 5 of the Dungeon
  3829 | D:5      | Reached XP level 8. HP: 47/55 MP: 0/0
  4140 | D:5      | Found a staircase to the Ecumenical Temple.
  4255 | Temple   | Entered the Ecumenical Temple
  4274 | Temple   | Became a worshipper of Makhleb the Destroyer
  5112 | D:5      | Reached skill level 5 in Fighting
  5336 | D:5      | Reached XP level 9. HP: 58/65 MP: 0/0
  5336 | D:5      | Learned a level 3 spell: Volatile Blastmotes
  5666 | D:6      | Reached * piety under Makhleb
  5669 | D:6      | Noticed Grinder
  5674 | D:6      | Killed Grinder
  6056 | D:6      | Found a transporter.
  6061 | D:6      | Found a transporter.
  6063 | D:6      | Noticed a hornet
  6064 | D:6      | Noticed brrff's ghost (novice MiMo)
  6076 | D:6      | Noticed a queen bee
  6672 | D:6      | You are sucked into a shaft and drop 3 floors!
  6850 | D:8      | Reached ** piety under Makhleb
  7059 | D:7      | Noticed a hornet
  7063 | D:7      | Killed a hornet
  7064 | D:7      | Reached XP level 10. HP: 70/76 MP: 0/0
  8265 | D:8      | Found a glowing silver altar of Zin.
  8295 | D:8      | Found a white marble altar of Elyvilon.
  8306 | D:8      | Noticed Prince Ribbit
  8347 | D:8      | Killed Prince Ribbit
  8582 | D:8      | Noticed Jeremiah
  8592 | D:8      | Killed Jeremiah
  8593 | D:8      | Reached skill level 10 in Spellcasting
  8593 | D:8      | Reached skill level 10 in Conjurations
  8593 | D:8      | Reached skill level 10 in Hexes
  8593 | D:8      | Reached skill level 10 in Summonings
  8593 | D:8      | Reached skill level 10 in Necromancy
  8593 | D:8      | Reached skill level 10 in Translocations
  8593 | D:8      | Reached skill level 10 in Fire Magic
  8593 | D:8      | Reached skill level 10 in Ice Magic
  8593 | D:8      | Reached skill level 10 in Air Magic
  8593 | D:8      | Reached skill level 10 in Earth Magic
  8593 | D:8      | Reached skill level 10 in Alchemy
  8899 | D:9      | Noticed a two-headed ogre
  8906 | D:9      | Noticed a two-headed ogre
  8910 | D:9      | HP: 3/76 [two-headed ogre/+0 giant club (32)]
  8910 | D:9      | Mangled by a two-headed ogre

Illustrated notes

Levels and vault maps discovered:
D:1:      lemuel_arrival_broad_hall, layout_loops_ring
D:2:      layout_basic, serial_shops, shop, uniq_robin, uniq_jessica
D:3:      layout_loops_corners
D:4:      layout_loops_ring, gammafunk_ghost_icy, nicolae_tricolors
D:5:      minmay_skewed_foursquare, layout_cave_pods,
          minmay_temple_entry_statues_fountains, kennysheep_small_circle
D:6:      layout_basic, gammafunk_ghost_hive, uniq_grinder
D:7:      layout_loops_cross
D:8:      layout_basic, jmf_multi_god_temple, uniq_jeremiah, uniq_prince_ribbit1
D:9:      layout_layer_cave, dpeg_oklobed_lair, orc_0_dummy
Temple:   nicolae_temple_slightly_damp_pantheon

Skill      XL: |  1  2  3  4  5  6  7  8  9 10 |
---------------+-------------------------------+-----
Spellcasting   | 4 5 6 7 8 10 | 10.2
Conjurations   | 4 5 6 7 8 10 | 10.2
Hexes          | 4 5 6 7 8 10 | 10.2
Summonings     | 4 5 6 7 8 10 | 10.2
Necromancy     | 4 5 6 7 8 10 | 10.2
Translocations | 4 5 6 7 8 10 | 10.2
Fire Magic     | 4 5 6 7 8 10 | 10.2
Ice Magic      | 4 5 6 7 8 10 | 10.2
Air Magic      | 4 5 6 7 8 10 | 10.2
Earth Magic    | 4 5 6 7 8 10 | 10.2
Alchemy        | 4 5 6 7 8 10 | 10.2
Fighting       | 2 5 7 8 |  8.0
Stealth        | 3 |  3.0
Dodging        | |  2.1

Action                     |  1- 3 |  4- 6 |  7- 9 | 10-12 || total
---------------------------+-------+-------+-------+-------++-------
  Melee: Unarmed           |     3 |       |       |       ||     3
         Dagger            |       |     5 |    18 |       ||    23
         Staff             |       |       |       |    16 ||    16
   Cast: Sting             |    46 |    87 |    81 |    22 ||   236
         Olgreb's Toxic Ra |       |     5 |    45 |    17 ||    67
         Mephitic Cloud    |       |     1 |    13 |    10 ||    24
         Sticky Flame      |       |       |    17 |    16 ||    33
         Shock             |       |       |     2 |       ||     2
   Stab: Sleeping          |       |     1 |     1 |       ||     2
         Confused          |       |       |     1 |       ||     1
 Armour: Robe              |     7 |    22 |    38 |    15 ||    82
  Dodge: Dodged            |    10 |    16 |    29 |    25 ||    80

Table legend: (Time is in decaauts)
 A = Elapsed time spent in this place.
 B = Non-inter-level travel time spent in this place.
 C = Inter-level travel time spent in this place.
 D = Time resting spent in this place.
 E = Time spent auto-exploring this place.
 F = Levels seen in this place.
 G = Mean time per level.
                   A        B        C        D        E       F      G
               +--------+--------+--------+--------+--------+-----+--------+
         Total |   8912 |   8516 |    396 |   1408 |   5788 |  10 |  891.2 |
       Dungeon |   8874 |   8514 |    360 |   1408 |   5788 |   9 |  986.0 |
        Temple |     38 |      2 |     36 |      0 |      0 |   1 |   38.0 |
               +--------+--------+--------+--------+--------+-----+--------+

Top non-repeatable levels by time:
     D:5: 1665 daAuts
     D:6: 1374 daAuts
     D:1: 1138 daAuts
     D:8: 1110 daAuts
     D:3: 1039 daAuts
     D:4: 1019 daAuts
     D:7: 844 daAuts
     D:2: 623 daAuts
     D:9: 58 daAuts
  Temple: 38 daAuts
